 Dungeon Crawl Stone Soup version 0.23.2-1-ga50397a6bc (webtiles) character file.

Game seed: 13049041985652430239

93 Gunterle the Vexing (level 4, -2/31 HPs)
             Began as a Vine Stalker Enchanter on May 9, 2019.
             Killed by divine providence
             ... invoked by an orc priest
              (14 damage)
             ... on level 3 of the Dungeon.
             The game lasted 00:15:21 (2948 turns).

Gunterle the Vexing (Vine Stalker Enchanter)        Turns: 2948, Time: 00:15:22

Health: -2/31      AC: 22    Str: 11    XL:     4   Next: 61%
Magic:  0/8        EV:  2    Int: 15    God:
Gold:   138        SH:  0    Dex: 15    Spells: 0/7 levels left

rFire    . . .     SeeInvis .   a - +1 dagger
rCold    . . .     Gourm    .   (no shield)
rNeg     + + +     Faith    .   (armour currently unavailable)
rPois    +         Spirit   +   (helmet currently unavailable)
rElec    .         Reflect  .   (cloak currently unavailable)
rCorr    .         Harm     .   (gloves currently unavailable)
MR       .....     NoTele   +   (boots currently unavailable)
Stlth    ++........             (no amulet)
HPRegen  0.50/turn              (no ring)
MPRegen  0.11/turn              (no ring)

@: tree-form
A: regeneration 1, magic shield, no potion heal 3, rot immunity
a: no special abilities


You were on level 3 of the Dungeon.
You were not hungry.
You were a tree.
You visited 1 branch of the dungeon, and saw 3 of its levels.

You collected 138 gold pieces.

Inventory:

Hand Weapons
 a - a +1 dagger (weapon)
 f - a +0 short sword
 i - a +0 hunting sling
Missiles
 e - 43 sling bullets
 k - 14 arrows
 m - 16 bolts
 n - 28 poisoned needles
Armour
 b - a +0 robe (melded)
Scrolls
 c - 2 scrolls of random uselessness
 g - 8 scrolls of teleportation
 q - 2 scrolls of enchant armour
 u - 2 scrolls of amnesia
 v - a scroll of enchant weapon
 w - a scroll of remove curse {unknown}
 x - a scroll of magic mapping {unknown}
Potions
 h - a potion of curing {unknown}
 o - a potion of flight {unknown}
 p - 2 potions of lignification
 r - a potion of mutation {unknown}
 s - a potion of degeneration {unknown}
Comestibles
 d - 8 rations


   Skills:
 + Level 2.7 Short Blades
 - Level 1.5 Dodging
 - Level 3.6 Stealth
 - Level 2.1 Spellcasting
 + Level 4.2 Hexes


You couldn't memorise any spells.
You knew the following spells:

 Your Spells              Type           Power        Failure   Level  Hunger
a - Corona                Hex            ##.....      3%          1    #......
b - Tukima's Dance        Hex            ##......     12%         3    ###....
c - Confuse               Hex            ##......     12%         3    ###....

Your spell library contained the following spells:

 Spells                   Type           Power        Failure   Level  Hunger
 Ensorcelled Hibernation  Hex/Ice        #.....       14%         2    ###....
 Dazzling Spray           Conj/Hex       #.....       26%         3    ###....


Dungeon Overview and Level Annotations

Branches:
Dungeon (3/15)

Altars:


Innate Abilities, Weirdness & Mutations

((You have extremely sharp teeth.))
Your natural rate of healing is unusually fast.
When hurt, damage is shared between your health and your magic reserves.
((Your bite disrupts and absorbs the magic of your enemies.))
Potions cannot restore your health.
You are immune to rotting.


Message History

You hit the orc priest.
The orc priest is severely wounded.
The orc priest hits you but does no damage.
You closely miss the orc priest.
The orc priest is severely wounded.
The orc priest barely misses you.
You hit the orc priest but do no damage.
The orc priest is severely wounded.
The orc priest hits you but does no damage.
You hit the orc priest but do no damage.
The orc priest is severely wounded.
Your magical contamination has completely faded away.
You hit the orc priest but do no damage.
The orc priest is severely wounded.
The orc priest hits you but does no damage.
You hit the orc priest.
The orc priest is severely wounded.
The orc priest mumbles some strange prayers to Beogh against you.
Beogh smites you!
You die...

.#####.#####.#########...........
.........).........# #....#######
.#..).....##.#####.# #....#
.#........##.#...#.# ######
.#........##.#.#.#.#
.#####'#####.#.#.#.# ..#
#....##.#)#.#.# #.#
#....##.#.#.#.#
#.####....##.#.#♣#.#
........^..#.#..o#.#
....##o....#.###.#.#
....##o###.#o# #.#.# ....##.#
#.#.# #.#.# ....##o# #.#.# #.#.#
##..##.# #.#.# #.#.# ##.##o#
#.#.# #(#.# #..#.# #.#.# #.#.#


You could see an orc priest.

Vanquished Creatures
  3 adders
  A worm (D:2)
  A dart slug (D:1)
  4 leopard geckos
  A ball python (D:1)
  A giant cockroach (D:1)
  13 goblins
  8 hobgoblins
  5 bats
  7 frilled lizards
  3 kobolds (D:1)
  11 rats
58 creatures vanquished.

Vanquished Creatures (collateral kills)
  A hobgoblin (D:3)
  A rat (D:1)
2 creatures vanquished.

Vanquished Creatures (others)
  2 dancing weapons
2 creatures vanquished.

Grand Total: 62 creatures vanquished

Notes
Turn   | Place    | Note
-------+----------+-------------------------------------------
     0 | D:1      | Gunterle the Vine Stalker Enchanter began the quest for the
                  | Orb.
     0 | D:1      | Reached XP level 1. HP: 9/9 MP: 4/4
    26 | D:1      | Reached skill level 1 in Short Blades
    85 | D:1      | Reached XP level 2. HP: 5/13 MP: 6/6
   889 | D:1      | Reached XP level 3. HP: 13/16 MP: 3/7
   894 | D:1      | Learned a level 3 spell: Tukima's Dance
  2082 | D:2      | Reached skill level 4 in Hexes
  2082 | D:2      | Gained mutation: Your natural rate of healing is unusually
                  | fast. [Vine Stalker growth]
  2082 | D:2      | Reached XP level 4. HP: 13/21 MP: 8/8
  2220 | D:2      | Learned a level 3 spell: Confuse
  2948 | D:3      | Killed from afar by an orc priest

Skill      XL: |  1  2  3 |
---------------+----------+-----
Short Blades   | 1 2 |  2.7
Hexes          | 4 |  4.2
Dodging        | |  1.5
Stealth        | |  3.6
Spellcasting   | |  2.1

Action                   |  1- 3 |  4- 6 || total
-------------------------+-------+-------++-------
Melee: Dagger            |   123 |    79 ||   202
       Bite              |    28 |    10 ||    38
Throw: Stone             |       |     2 ||     2
 Cast: Corona            |    30 |    13 ||    43
       Tukima's Dance    |     3 |     4 ||     7
       Confuse           |       |     6 ||     6
  Use: Scroll            |     4 |     4 ||     8
       Potion            |       |     1 ||     1
 Stab: Sleeping          |     6 |     1 ||     7
       Confused          |       |     1 ||     1
  Eat: Chunk             |     5 |     4 ||     9
Armor: Robe              |    17 |     3 ||    20
       Skin              |       |    13 ||    13
Dodge: Dodged            |    69 |    29 ||    98
